Map: Interloper LE

Players

Metasapien - Winner!

  • Race: Zerg Zerg
  • League: Gold
  • Spawn Location: 5:00

A.I. 1 (Elite)

  • Race: Terran Terran
  • Spawn Location: 11:00

VOD

Have the link to the VOD?

Description

Time

  • Played on: Sept. 16, 2017, 6:23 p.m.
  • Length: 21:55
Show
View Real Time Build Order
Export as new Build Order

Metasapien Zerg - Winner!

Build Orders: Hatch First 

Get SALT Encoding   

  12  0:01  Drone  
  13  0:13  Overlord  
  13  0:17  Drone  
  13  0:20  Extractor  
  13  0:24  Drone  
  15  0:31  Drone  
  16  0:37  Drone  
  17  0:55  Hatchery  
  16  0:57  Drone  
  17  1:05  Drone  
  17  1:10  Extractor  
  17  1:17  Spawning Pool  
  16  1:20  Drone  
  16  1:23  Drone  
  18  1:29  Drone  
  19  1:40  Drone  
  20  1:55  Overlord  
  20  2:03  Drone  
  20  2:06  Queen  
  20  2:07  Queen  
  26  2:08  Drone  
  26  2:15  Metabolic Boost  
  26  2:21  Drone  
  27  2:29  Drone  
  29  2:30  Drone  
  29  2:34  Overlord  
  29  2:37  Overlord  
  29  2:40  Drone  
  30  2:50  Overlord x2  
  30  3:05  Roach Warren  
  29  3:06  Drone, Extractor  
  29  3:07  Drone  
  30  3:19  Zergling x6  
  33  3:20  Drone  
  33  3:21  Drone  
  33  3:23  Overlord  
  35  3:34  Drone  
  36  3:39  Zergling x2  
  36  3:40  Zergling x4  
  39  3:50  Drone x2  
  39  3:51  Drone  
  39  3:52  Drone  
  39  3:53  Drone  
  39  3:55  Extractor  
  43  3:58  Drone  
  43  4:01  Queen  
  46  4:04  Drone x3, Extractor  
  46  4:08  Roach  
  50  4:16  Roach  
  47  4:26  Lair  
  47  4:31  Drone x3  
  50  4:33  Drone x2  
  52  4:49  Roach x3  
  52  4:50  Roach  
  60  4:54  Drone  
  60  4:55  Drone  
  60  4:56  Roach x3  
  68  5:03  Overlord x3  
  68  5:25  Roach  
  68  5:27  Drone  
  71  5:28  Overlord x2  
  71  5:32  Hatchery  
  70  5:40  Hydralisk Den, Infestation Pit  
  68  5:49  Evolution Chamber  
  67  5:50  Drone x3  
  67  5:51  Evolution Chamber  
  67  5:55  Overseer  
  69  6:02  Pneumatized Carapace  
  69  6:15  Overlord, Hydralisk  
  69  6:16  Roach x3, Hydralisk  
  79  6:21  Glial Reconstitution  
  79  6:23  Muscular Augments  
  79  6:30  Hydralisk x2  
  83  6:34  Zerg Ground Armor Level 1, Zerg Missile Weapons Level 1  
  83  6:38  Overlord x2  
  83  6:42  Overseer  
  83  6:51  Roach, Hydralisk  
  83  6:52  Roach  
  83  6:53  Roach  
  91  7:01  Queen  
  91  7:03  Drone  
  91  7:05  Drone x2  
  96  7:22  Drone x2  
  98  7:24  Drone x4  
  98  7:26  Overlord x2  
  98  7:29  Overlord  
  102  7:50  Drone  
  102  7:51  Drone x3, Hydralisk x2  
  106  7:52  Roach x3, Hydralisk  
  118  8:07  Roach, Hydralisk x2  
  118  8:08  Roach  
  126  8:17  Tunneling Claws  
  126  8:18  Spire  
  125  8:20  Pathogen Glands  
  125  8:21  Infestor  
  125  8:22  Infestor  
  115  8:41  Zerg Missile Weapons Level 2  
  92  8:45  Roach x3  
  92  8:46  Zergling x8, Roach x2  
  92  8:47  Zergling x8  
  100  9:03  Zerg Ground Armor Level 2  
  100  9:06  Drone  
  100  9:07  Drone x2  
  100  9:09  Extractor  
  103  9:10  Drone x4  
  103  9:11  Extractor  
  105  9:24  Hive  
  105  9:27  Hatchery  
  104  9:36  Roach x2, Hydralisk x3  
  104  9:37  Roach  
  116  9:40  Roach  
  116  9:41  Roach  
  116  9:42  Overlord  
  116  9:43  Overlord x2  
  120  10:03  Hydralisk  
  120  10:04  Roach x3, Extractor, Hydralisk x2  
  120  10:05  Roach  
  133  10:13  Hydralisk  
  133  10:14  Roach x2  
  137  10:18  Drone  
  137  10:19  Drone x2  
  143  10:21  Drone x3  
  143  10:22  Drone  
  143  10:27  Overlord x2  
  143  10:28  Overlord x2  
  142  10:30  Overlord  
  119  10:38  Burrow  
  104  10:44  Hydralisk  
  104  10:45  Roach x2, Hydralisk x2  
  104  10:46  Roach  
  109  10:52  Drone  
  109  10:53  Drone x4  
  114  11:04  Queen x2  
  118  11:18  Overseer  
  118  11:27  Corruptor x2  
  118  11:29  Infestor x3  
  118  11:30  Roach  
  118  11:31  Roach  
  118  11:32  Roach  
  134  11:40  Drone x2  
  134  11:41  Drone  
  137  11:56  Extractor  
  137  11:57  Adrenal Glands  
  137  11:59  Zerg Melee Weapons Level 1  
  136  12:09  Ultralisk Cavern  
  139  12:17  Hydralisk x2  
  139  12:18  Roach x4, Hydralisk x2  
  139  12:19  Roach  
  139  12:20  Roach  
  139  12:22  Roach  
  157  12:23  Zergling x28  
  157  12:24  Zergling x6  
  174  12:33  Ravager x3  
  177  12:37  Ravager  
  177  12:39  Drone  
  177  12:43  Spine Crawler  
  179  12:44  Drone x2  
  179  12:45  Spine Crawler  
  179  12:55  Lurker Den  
  179  12:59  Ravager  
  179  13:00  Ravager x2, Hydralisk  
  179  13:01  Roach  
  179  13:05  Roach x3  
  192  13:08  Roach x2  
  192  13:10  Hydralisk  
  149  13:35  Infestor  
  149  13:36  Infestor, Hydralisk x2  
  149  13:37  Roach x2, Hydralisk  
  149  13:38  Roach  
  151  14:34  Overlord x2  
  151  14:35  Hydralisk x2  
  151  14:36  Ultralisk, Roach  
  151  14:37  Roach x2, Infestor, Hydralisk  
  151  14:38  Infestor  
  171  14:39  Ultralisk, Hatchery  
  172  14:49  Hatchery  
  146  15:19  Hydralisk x2  
  146  15:20  Roach x2, Hydralisk x4  
  146  15:21  Hydralisk x3, Roach x5  
  166  15:22  Roach  
  176  15:37  Zerg Melee Weapons Level 2  
  176  15:41  Zerg Ground Armor Level 3  
  174  15:54  Extractor  
  174  15:56  Queen, Extractor  
  172  15:58  Queen  
  174  16:35  Hydralisk  
  174  16:36  Roach x2, Hydralisk x4  
  174  16:37  Roach x5, Hydralisk  
  200  17:05  Extractor  
  188  17:47  Extractor  
  183  17:54  Zerg Missile Weapons Level 3  
  183  20:22  Zergling x8  
  183  20:23  Zergling x8  
  191  21:38  Hatchery  
Show
View Real Time Build Order
Export as new Build Order

A.I. 1 (Elite) Terran 

Build Orders: MMM Bio 

Get SALT Encoding   

  12  0:00  SCV  
  13  0:13  SCV  
  14  0:19  Supply Depot  
  14  0:25  SCV  
  15  0:40  SCV  
  15  0:42  Barracks  
  16  0:52  SCV  
  17  1:04  SCV  
  18  1:16  SCV, Supply Depot  
  19  1:21  Refinery  
  19  1:28  SCV  
  19  1:29  Marine  
  21  1:41  SCV  
  21  1:46  Marine  
  23  1:51  Barracks  
  23  1:53  SCV  
  24  1:55  Refinery  
  24  2:03  Supply Depot  
  24  2:04  Marine  
  24  2:05  SCV  
  26  2:17  SCV  
  26  2:22  Marine  
  28  2:27  Factory  
  29  2:30  SCV  
  29  2:38  Marine  
  29  2:40  Marine  
  29  2:42  SCV  
  32  2:54  SCV  
  32  2:56  Marine  
  32  2:58  Marine  
  35  3:06  SCV  
  35  3:09  Barracks  
  36  3:13  Marine  
  36  3:16  Barracks Tech Lab  
  36  3:18  SCV  
  38  3:30  SCV  
  38  3:31  Starport  
  38  3:34  Barracks Tech Lab, Supply Depot  
  39  3:38  Factory Tech Lab  
  39  3:55  SCV, Marine x2  
  41  4:01  Stimpack  
  42  4:06  Combat Shields  
  42  4:07  SCV  
  43  4:19  SCV  
  43  4:20  Marine  
  44  4:31  SCV  
  45  4:42  Supply Depot  
  45  4:44  SCV  
  46  4:56  SCV  
  47  5:02  Barracks Reactor  
  47  5:04  Medivac, Marauder, Marine  
  52  5:07  Supply Depot  
  52  5:08  SCV  
  52  5:09  Engineering Bay  
  52  5:11  Command Center  
  53  5:21  Orbital Command  
  53  5:22  Marauder  
  55  5:32  Marauder  
  57  5:37  Terran Infantry Weapons Level 1  
  57  5:40  Supply Depot  
  57  5:43  Marauder  
  59  5:54  Marauder  
  61  6:03  Engineering Bay  
  61  6:04  Marine  
  61  6:05  Marauder  
  64  6:11  Supply Depot  
  64  6:15  Marauder  
  66  6:19  Marine  
  66  6:21  Medivac  
  66  6:23  SCV  
  66  6:24  SCV  
  71  6:26  Marauder  
  71  6:29  Terran Infantry Armor Level 1  
  73  6:35  SCV  
  73  6:36  SCV  
  75  6:45  Concussive Shells, Marine  
  75  6:46  Marauder  
  78  6:47  Marine  
  78  6:48  Orbital Command, Marauder, SCV  
  82  7:00  SCV  
  83  7:05  Command Center  
  83  7:07  Marauder  
  85  7:11  Supply Depot  
  85  7:12  SCV  
  85  7:13  SCV  
  85  7:14  Marauder  
  89  7:18  Missile Turret  
  89  7:23  Missile Turret  
  89  7:27  Starport Reactor, Barracks  
  89  7:31  Marine  
  89  7:36  Marine  
  89  7:37  Marine, Supply Depot  
  91  7:40  Marine  
  93  7:49  Marauder  
  95  7:54  Marauder  
  95  7:56  Missile Turret  
  97  8:02  Supply Depot  
  97  8:03  Viking  
  97  8:04  Medivac  
  101  8:11  Marauder  
  103  8:17  SCV  
  103  8:18  SCV  
  105  8:20  SCV  
  106  8:29  SCV  
  106  8:30  SCV  
  106  8:32  Marauder, SCV  
  106  8:33  Medivac  
  106  8:34  Viking  
  108  8:36  Marauder  
  108  8:37  Marine  
  108  8:38  Marine  
  108  8:40  Marine  
  92  8:41  SCV  
  92  8:44  SCV  
  92  8:45  SCV  
  80  8:53  SCV, Marine  
  80  8:55  Marine  
  80  8:56  SCV, Marine  
  80  8:57  Marauder, SCV  
  80  8:58  Marine  
  87  9:08  Armory  
  87  9:11  Marine  
  87  9:13  Marine  
  87  9:14  Marine  
  87  9:15  Marine  
  91  9:18  Refinery  
  91  9:19  Marauder  
  91  9:22  Refinery  
  91  9:23  Refinery  
  92  9:27  Hellion  
  92  9:29  Marine  
  92  9:31  Marine x2  
  95  9:33  Marine  
  98  9:39  Refinery  
  98  9:40  Marauder, SCV x2  
  98  9:41  SCV  
  103  9:47  Marine  
  103  9:48  Hellion  
  103  9:49  Marine x2  
  103  9:52  Missile Turret, SCV  
  109  9:53  SCV x2  
  109  9:56  Terran Infantry Weapons Level 2  
  109  9:58  Missile Turret  
  109  9:59  Medivac  
  113  10:01  Marine  
  113  10:02  Marauder  
  113  10:04  SCV  
  113  10:05  Orbital Command, SCV, Supply Depot  
  118  10:09  Hellion  
  119  10:16  SCV  
  119  10:18  SCV  
  120  10:24  Marauder  
  120  10:27  Marauder  
  115  10:28  SCV  
  115  10:30  SCV  
  115  10:31  Hellion, SCV  
  115  10:34  Marine  
  99  10:40  SCV  
  99  10:41  Marine  
  99  10:42  SCV  
  89  10:46  Marine  
  90  10:52  Siege Tank  
  90  10:55  Marine  
  94  10:58  SCV  
  94  11:02  SCV  
  94  11:03  SCV  
  97  11:07  Marine  
  97  11:09  Marine  
  97  11:11  SCV, Marine  
  101  11:14  SCV, Marine  
  101  11:17  Command Center  
  103  11:24  Siege Tank  
  105  11:26  SCV  
  105  11:27  SCV  
  105  11:29  SCV  
  108  11:33  Marauder  
  108  11:34  Marine  
  108  11:35  Marine  
  108  11:38  SCV  
  113  11:40  SCV  
  113  11:41  SCV  
  113  11:44  Marine x2  
  113  11:46  Missile Turret  
  117  11:48  Viking  
  117  11:50  SCV  
  117  11:52  Marauder, SCV  
  117  11:53  Viking, Marine  
  126  11:58  Marauder, Supply Depot  
  128  12:02  Marine  
  129  12:09  Missile Turret  
  129  12:14  Marauder  
  131  12:17  Hellion, Factory  
  131  12:18  Viking  
  135  12:24  Supply Depot  
  135  12:30  Infernal Pre-Igniter  
  135  12:31  SCV  
  135  12:32  SCV  
  135  12:34  SCV  
  135  12:35  SCV  
  139  12:38  Siege Tank  
  139  12:43  Terran Vehicle Weapons Level 1, SCV  
  143  12:45  SCV  
  143  12:46  SCV  
  143  12:49  Supply Depot  
  145  12:54  Armory  
  145  13:00  Planetary Fortress  
  145  13:01  Hellion, Terran Infantry Weapons Level 3  
  147  13:07  Command Center  
  147  13:11  Hellion, SCV  
  149  13:16  Factory  
  149  13:19  Missile Turret  
  149  13:21  Missile Turret, Marauder  
  149  13:23  Marine  
  149  13:24  Factory Tech Lab  
  126  13:31  Marine x3  
  126  13:32  Hellion  
  85  13:41  Marauder, Terran Vehicle And Ship Armor Level 1  
  85  13:42  Hellion  
  85  13:43  Marauder  
  91  13:48  Marine x2  
  91  13:49  Marine  
  91  13:53  Siege Tank  
  97  13:59  Cyclone  
  99  14:03  Siege Tank, Marauder, Marine  
  99  14:06  Marine x2  
  87  14:11  SCV  
  87  14:13  SCV  
  87  14:14  SCV  
  90  14:17  Marine  
  90  14:22  Marauder  
  90  14:23  SCV  
  87  14:24  Marauder, Marine x2  
  87  14:25  Siege Tank, SCV  
  87  14:26  SCV  
  80  14:32  Hellion  
  80  14:35  SCV, Widow Mine, Marine  
  80  14:43  Marauder, Command Center  
  71  14:46  Marauder  
  61  14:53  Hellion  
  61  14:58  Marine  
  54  15:01  Command Center  
  54  15:02  Marine  
  54  15:07  Marine  
  46  15:09  Marine  
  46  15:13  Marine  
  46  15:19  Marine  
  37  15:23  Marine  
  37  15:26  Marine  
  37  15:27  Marine  
  33  15:37  Hellion  
  33  15:42  Hellion  
  37  15:44  Marine  
  29  15:59  SCV  
  29  16:02  SCV  
  19  16:27  Starport Tech Lab  
  17  16:44  SCV  
  17  16:45  Command Center  
  17  16:46  SCV  
  19  16:48  SCV  
  20  16:56  SCV  
  21  17:04  SCV  
  21  17:06  SCV  
  21  17:07  Supply Depot  
  7  17:55  Command Center  
  7  18:44  Command Center  
  6  20:02  SCV  
  6  20:09  SCV  
  7  20:19  SCV  
  7  20:27  SCV  
  7  20:30  Supply Depot  
  7  20:31  SCV  
  8  20:43  SCV  
  7  20:55  SCV  
  8  21:34  Barracks  
Tags
 
Add a new tag
Caveats
  • Supply blocks, unpowered buildings, or Contaminate may cause inaccurate times.
  • Supply counts are checked every 10 seconds.